 Dungeon Crawl Stone Soup version 0.22.0-75-g3901e79 (webtiles) character file.

28 Starchild the Ogre Mage (level 3, -1/31 HPs)
             Began as an Ogre Wizard on Sept 15, 2018.
             Slain by a gnoll
             ... wielding a +0 flail
              (8 damage)
             ... on level 1 of the Dungeon.
             The game lasted 00:04:40 (719 turns).

Starchild the Ogre Mage (Ogre Wizard)                Turns: 719, Time: 00:04:41

Health: -1/31      AC:  3    Str: 12    XL:     3   Next: 14%
Magic:  2/8        EV: 10    Int: 19    God:
Gold:   39         SH:  0    Dex:  7    Spells: 4/9 levels left

rFire    . . .     SeeInvis .   e - +0 whip
rCold    . . .     Gourm    .   (no shield)
rNeg     . . .     Faith    .   a - +0 robe
rPois    .         Spirit   .   b - +0 hat
rElec    .         Reflect  .   (no cloak)
rCorr    .         Harm     .   (gloves unavailable)
MR       .....                  (boots unavailable)
Stlth    +.........             (no amulet)
HPRegen  0.10/turn              (no ring)
MPRegen  0.11/turn              (no ring)

@: very slightly contaminated
A: large, unfitting armour, tough skin 1
a: no special abilities


You were on level 1 of the Dungeon.
You were not hungry.

You visited 1 branch of the dungeon, and saw 1 of its levels.

You collected 39 gold pieces.

Inventory:

Hand Weapons
 e - a +0 whip (weapon)
Missiles
 g - 93 stones (quivered)
Armour
 a - a +0 robe (worn)
 b - a +0 hat (worn)
Scrolls
 f - a scroll of enchant weapon {unknown}
 h - a scroll of identify {unknown}
 j - 2 scrolls of blinking {unknown}
 l - a scroll of amnesia {unknown}
 n - a scroll of random uselessness {unknown}
Potions
 c - 2 potions of flight {unknown}
 i - a potion of haste {unknown}
 k - a potion of degeneration {unknown}
 m - a potion of ambrosia {unknown}
 o - a potion of curing {unknown}
Comestibles
 d - 2 rations


   Skills:
 - Level 1.7 Dodging
 - Level 1.4 Stealth
 - Level 3.6 Spellcasting
 + Level 2.7 Conjurations
 - Level 0.8 Summonings
 - Level 0.8 Translocations


You had 4 spell levels left.
You knew the following spells:

 Your Spells              Type           Power        Failure   Level  Hunger
a - Magic Dart            Conj           ##..         4%          1    None
b - Blink                 Tloc           N/A          16%         2    ##.....
c - Call Imp              Summ           #.......     16%         2    ##.....

Your spell library contained the following spells:

 Spells                   Type           Power        Failure   Level  Hunger
 Slow                     Hex            #.......     22%         2    ##.....
 Conjure Flame            Conj/Fire      #.......     24%         3    ###....
 Mephitic Cloud           Conj/Pois/Air  #.......     30%         3    ###....


Dungeon Overview and Level Annotations

Branches:
Dungeon (1/15)

Altars:


Innate Abilities, Weirdness & Mutations

You are too large for most types of armour.
You have tough skin. (AC +1)


Message History

The magic dart hits the gnoll.
The gnoll is lightly wounded.
Casting: Magic Dart (safe; 4% risk of failure)
Confirm with . or Enter, or press ? or * to list all spells.
Aiming: Magic Dart (safe; 4% risk of failure)
Press: ? - help, Shift-Dir - straight line, f/p - gnoll
Aim: a gnoll, wielding a flail (lightly wounded)
The magic dart hits the gnoll.
The gnoll is moderately wounded.
The gnoll hits you with a flail.
* * * LOW HITPOINT WARNING * * *
Casting: Magic Dart (safe; 4% risk of failure)
Confirm with . or Enter, or press ? or * to list all spells.
Aiming: Magic Dart (safe; 4% risk of failure)
Press: ? - help, Shift-Dir - straight line, f/p - gnoll
Aim: a gnoll, wielding a flail (moderately wounded)
The magic dart hits the gnoll.
The gnoll is heavily wounded.
The gnoll hits you with a flail!
You die...

##......#.#.#.#.#####
##......##.#.#.#.#
##......###.#.#.#.#
#......###..#.#.#.#
......####.##.#.#.########
.....## #..#..#.#........#
....## ##.##....#........#
)..## ##..##..###........#
..## ##..###$.gg@........#
.## ##..## #...##........#
.# ##..## #...###########
.###..##.....#........
.#...###......g.g.###.
...### #..........# ####
...........# ##.........+
#.......>.#


You could see a gnoll and a goblin.

Vanquished Creatures
  2 dart slugs (D:1)
  A leopard gecko (D:1)
  A ball python (D:1)
  4 goblins (D:1)
  3 hobgoblins (D:1)
  2 bats (D:1)
  5 kobolds (D:1)
  5 rats (D:1)
23 creatures vanquished.

Notes
Turn   | Place    | Note
-------+----------+-------------------------------------------
     0 | D:1      | Starchild the Ogre Wizard began the quest for the Orb.
     0 | D:1      | Reached XP level 1. HP: 16/16 MP: 5/5
     6 | D:1      | Reached skill level 1 in Conjurations
    94 | D:1      | Reached XP level 2. HP: 23/24 MP: 1/6
   235 | D:1      | Learned a level 2 spell: Blink
   238 | D:1      | Learned a level 2 spell: Call Imp
   652 | D:1      | Reached XP level 3. HP: 18/31 MP: 8/8
   719 | D:1      | Slain by a gnoll

Skill      XL: |  1  2 |
---------------+-------+-----
Conjurations   | 1 2 |  2.7
Dodging        | |  1.7
Stealth        | |  1.4
Spellcasting   | |  3.6
Summonings     | |  0.8
Translocations | |  0.8

Action                   || total
-------------------------++-------
Melee: Whip              ||    50
       Unarmed           ||     4
 Cast: Magic Dart        ||    31
 Stab: Sleeping          ||     1
Armor: Robe              ||     8
Dodge: Dodged            ||    32
